 Dungeon Crawl Stone Soup version 0.31-a0-1074-g0b22e4e0f1 (webtiles) character file.

Game seed: 13723003899157276781

28 monsoonserge the Changeling (level 3, -1/23 HPs)
             Began as an Octopode Shapeshifter on Dec 4, 2023.
             Slain by a gnoll
             ... wielding a +0 halberd
              (11 damage)
             ... on level 2 of the Dungeon.
             The game lasted 00:01:18 (989 turns).

monsoonserge the Changeling (Octopode Shapeshifter)  Turns: 989, Time: 00:01:19

Health: -1/23      AC:  1    Str: 15    XL:     3   Next: 12%
Magic:  3/3        EV: 13    Int: 12    God:
Gold:   81         SH:  0    Dex: 11    Spells: 2/2 levels left

rFire   . .          .
                       - Unarmed
rCold   . . .        (no shield)
rNeg    . . .        (helmet currently unavailable)
rPois   .            (no amulet)
rElec   .            (no ring)
rCorr   .            (no ring)
SInv    .            (no ring)
Will    .....        (no ring)
Stlth   ++           (no ring)
HPRegen 0.23/turn    (no ring)
MPRegen 0.08/turn    (no ring)
                     (no ring)

%: no passive effects
@: beast-form
A: beast (slay +2), almost no armour, amphibious, 8 rings, camouflage 1,
gelatinous body 1, (nimble swimmer 1), tentacles
a: Begin Untransformation


You were on level 2 of the Dungeon.
You were a hulking beast.
You visited 1 branch of the dungeon, and saw 2 of its levels.

You collected 81 gold pieces.

Inventory:

Talismans
 b - a beast talisman
 c - a flux talisman
Scrolls
 f - a scroll of silence {unknown}
Potions
 a - a potion of lignification
 d - a potion of berserk rage {unknown}
 e - a potion of heal wounds {unknown}
 g - a potion of magic {unknown}


   Skills:
 + Level 1.0 Fighting
 + Level 2.0 Dodging
 + Level 0.8 Stealth
 * Level 3.0 Unarmed Combat
 + Level 3.9 Shapeshifting


You had 2 spell levels left.
You didn't know any spells.
Your spell library was empty.

Dungeon Overview and Level Annotations

Branches:
Dungeon (2/15)

Altars:


Innate Abilities, Weirdness & Mutations

You are a hulking beast.
Your limbs bulge with bestial killing power. (Slay +2)
You cannot wear most types of armour.
You are amphibious.
You can wear up to eight rings at the same time.
Your skin changes colour to match your surroundings (Stealth+).
Your rubbery body absorbs attacks. (AC +1, EV +1)
((You are camouflaged when in or above water. (Stealth+)))
You have tentacles for arms and can constrict up to eight enemies at once.


Message History

You climb downwards.
Found a short sword and a whip.
Found a stone staircase leading up.
There is a stone staircase leading up here.
There is a stone staircase leading up here.
You climb upwards.
There is a stone staircase leading down here.
There is a stone staircase leading down here.
You climb downwards.
Found a green potion.
There is a stone staircase leading up here.
The rat barely misses you.
You bludgeon the rat!
You kill the rat!
The goblin shouts!
There is a stone staircase leading up here.
You tentacle-slap the goblin. You grab the goblin. You squeeze the goblin.
You kill the goblin!
Found a stone staircase leading down.
g - a green potion You see here a +0 dagger.
A ball python and a gnoll come into view.
The gnoll moves out of view.
An endoplasm comes into view.
A gnoll comes into view. It is wielding a +0 halberd.
The helpless ball python fails to defend itself.
You tentacle-slap the ball python.
You kill the ball python!
A goblin and a gnoll come into view.
The gnoll hits you from afar with a +0 halberd!
Ouch! That really hurt!
You see here a ball python corpse.
The gnoll barely misses you.
You tentacle-slap the gnoll. Your grab misses the gnoll.
Your squeeze misses the gnoll.
The gnoll is heavily wounded.
The gnoll closely misses you.
You tentacle-slap the gnoll. Your grab misses the gnoll.
The gnoll is severely wounded.
The gnoll hits you with a +0 halberd!
You die...

#.#.##..#.#
#.........#
..######.### .. #...#
.. #...# .# #...#
#######.# #
#####...#####....gg..
#...........#†###
..............h.#
#...........#.#g..#
#####...#####.#.....#
#...# #.J.....# #...#
####.#### #...# .#
##.## .# .#


You could see a gnoll.

Vanquished Creatures
  A ball python (D:2)
  4 bats (D:1)
  2 endoplasms (D:1)
  A giant cockroach (D:1)
  4 goblins
  A hobgoblin (D:1)
  4 jackals (D:1)
  A quokka (D:1)
  3 frilled lizards (D:1)
  A rat (D:2)
22 creatures vanquished.

Notes
Turn   | Place    | Note
-------+----------+-------------------------------------------
     0 | D:1      | monsoonserge the Octopode Shapeshifter began the quest for
                  | the Orb.
     0 | D:1      | Reached XP level 1. HP: 13/13 MP: 1/1
    93 | D:1      | Reached XP level 2. HP: 18/18 MP: 2/2
   748 | D:1      | Reached XP level 3. HP: 23/23 MP: 3/3
   989 | D:2      | Slain by a gnoll

Illustrated notes

Levels and vault maps discovered:
D:1:      nzn_arrival_depleted_hourglass, layout_basic
D:2:      layout_loops_cross, basic_altar

Action                     || total
---------------------------++-------
  Melee: Unarmed           ||    38
         Constrict         ||     6
         Tentacles         ||     5
   Stab: Sleeping          ||     5
 Armour: Skin              ||    11
  Dodge: Dodged            ||    23

Table legend: (Time is in decaauts)
 A = Elapsed time spent in this place.
 B = Non-inter-level travel time spent in this place.
 C = Inter-level travel time spent in this place.
 D = Time resting spent in this place.
 E = Time spent auto-exploring this place.
 F = Levels seen in this place.
 G = Mean time per level.
                   A        B        C        D        E       F      G
               +--------+--------+--------+--------+--------+-----+--------+
         Total |    986 |    938 |     48 |      0 |    783 |   2 |  493.0 |
       Dungeon |    986 |    938 |     48 |      0 |    783 |   2 |  493.0 |
               +--------+--------+--------+--------+--------+-----+--------+

Top non-repeatable levels by time:
     D:1: 953 daAuts
     D:2: 33 daAuts
